 Dungeon Crawl Stone Soup version 0.22-a0-283-g1871b15 (webtiles) character file.

24302 emperorscorpion the Martial Artist (level 13, -5/118 HPs)
             Began as a Gnoll Transmuter on Mar 18, 2018.
             Was the Champion of Cheibriados.
             Slain by a large slime creature (32 damage)
             ... on level 14 of the Dungeon.
             The game lasted 00:31:53 (11545 turns).

emperorscorpion the Martial Artist (GnTm)          Turns: 11545, Time: 00:31:54

Health: -5/118     AC:  8    Str: 29    XL:     13   Next: 12%
Magic:  23/26      EV: 27    Int: 30    God:    Cheibriados [******]
Gold:   857        SH:  0    Dex: 33    Spells: 20/30 levels left

rFire    x . .     SeeInvis .     - Unarmed
rCold    + + +     Gourm    .   (shield currently unavailable)
rNeg     . . .     Faith    .   (armour currently unavailable)
rPois    +         Spirit   .   (helmet currently unavailable)
rElec    .         Reflect  .   (cloak currently unavailable)
rCorr    .         Harm     .   (gloves currently unavailable)
MR       .....     Clarity  +   (boots currently unavailable)
Stlth    +++++.....             (no amulet)
HPRegen  0.29/turn              I - +5 ring of evasion
MPRegen  0.20/turn              (no ring)

@: ice-form, very slow
A: large, distributed training, repulsion field 1, clarity, dopey 1, strong nose
a: End Transformation, Bend Time, Temporal Distortion, Slouch, Step From Time,
Renounce Religion


You were on level 14 of the Dungeon.
You worshipped Cheibriados.
Cheibriados was exalted by your worship.
You were not hungry.
You were a creature of crystalline ice.
You visited 2 branches of the dungeon, and saw 15 of its levels.
You also visited: Ossuary.

You collected 857 gold pieces.

Inventory:

Hand Weapons
 b - a +0 broad axe
 T - a +0 blowgun
Missiles
 e - 46 poisoned needles
 f - 538 stones (quivered)
 o - 136 sling bullets
 q - 4 tomahawks
 H - 121 bolts
 M - a throwing net
 Q - 204 arrows
 R - 3 javelins
 U - 8 curare-tipped needles
 X - 5 silver tomahawks
Armour
 a - a +0 robe
 i - a +0 pair of boots (melded)
 j - a +0 ring mail
 k - a +0 buckler (melded)
 u - a +0 leather armour of poison resistance
 v - a +0 shield
 z - a +0 pair of gloves (melded)
 J - a +0 troll leather armour (melded)
Magical Staves
 O - an uncursed staff of energy
 P - an uncursed staff of cold
Jewellery
 I - a +5 ring of evasion (left front paw)
Wands
 x - a wand of paralysis (43)
 y - a wand of flame (29)
 A - a wand of enslavement (12)
 B - a wand of disintegration (15)
 S - a wand of polymorph (19)
Scrolls
 g - 2 scrolls of fear
 l - 11 scrolls of teleportation
 m - a scroll of immolation
 p - 5 scrolls of remove curse
 s - 8 scrolls of enchant weapon
 C - 3 scrolls of amnesia
 E - 2 scrolls of fog
 G - a scroll of identify
 K - a scroll of holy word
 N - a scroll of blinking
 W - a scroll of magic mapping
Potions
 c - 2 potions of haste
 h - 10 potions of curing
 n - 5 potions of agility
 t - 2 potions of brilliance
 w - a potion of ambrosia
 D - 3 potions of mutation
 F - 3 potions of lignification
 L - a potion of berserk rage
Miscellaneous
 r - a box of beasts
 V - a phial of floods (inert)
Comestibles
 d - 23 rations


   Skills:
 + Level 8.3 Fighting
 + Level 7.8 Short Blades
 + Level 7.8 Long Blades
 + Level 7.8 Axes
 + Level 7.8 Maces & Flails
 + Level 7.8 Polearms
 + Level 7.8 Staves
 + Level 7.8 Slings
 + Level 7.8 Bows
 + Level 7.8 Crossbows
 + Level 7.8 Throwing
 + Level 7.8 Armour
 + Level 9.1 Dodging
 + Level 7.8 Stealth
 + Level 7.8 Shields
 + Level 10.2 Unarmed Combat
 + Level 9.3 Spellcasting
 + Level 6.5 Conjurations
 + Level 6.5 Hexes
 + Level 6.5 Charms
 + Level 6.5 Summonings
 + Level 6.5 Necromancy
 + Level 6.5 Translocations
 + Level 7.6 Transmutations
 + Level 6.5 Fire Magic
 + Level 6.5 Ice Magic
 + Level 6.5 Air Magic
 + Level 6.5 Earth Magic
 + Level 6.5 Poison Magic
 + Level 8.6 Invocations
 + Level 7.8 Evocations


You had 20 spell levels left.
You knew the following spells:

 Your Spells              Type           Power        Failure   Level  Hunger
a - Ice Form              Ice/Tmut       ######..     1%          4    None
b - Spider Form           Tmut/Pois      ######....   1%          3    None
c - Dazzling Spray        Conj/Hex       ######       1%          3    None


Dungeon Overview and Level Annotations

Branches:
Dungeon (14/15)            Temple (1/1) D:5            Lair (0/6) D:9
    Orc (0/2) D:12
 Vaults: D:13-14

Altars:
Ashenzari
Cheibriados
Dithmenos
Elyvilon
Fedhas
Gozag
Hepliaklqana
Kikubaaqudgha
Makhleb
Nemelex Xobeh
Okawaru
Qazlal
Ru
Sif Muna
Trog
Uskayaw
Vehumet
Wu Jian
Xom
Yredelemnul
Zin
The Shining One
Lugonu

Annotations:
D:14 4thArraOfDagon's ghost, journeyman FoWr


Innate Abilities, Weirdness & Mutations

Your experience applies equally to all skills.
((You have very sharp teeth.))
Your uncanny sense of smell can sniff out nearby items.
You are surrounded by a mild repulsion field. (EV +2)
You possess an exceptional clarity of mind.
You are dopey. (Int -2)
((Your flesh is heat resistant. (rF+)))


Message History

4thArraOfDagon's ghost is moderately damaged.
Your water elemental hits the slime creature!
The slime creature dies!
Cheibriados thoroughly appreciates the change of pace.
A very large slime creature splits.
You hit 4thArraOfDagon's ghost but do no damage. 4thArraOfDagon's ghost is moderately damaged. 4thArraOfDagon's ghost hits you! 4thArraOfDagon's ghost freezes you.
Your water elemental hits 4thArraOfDagon's ghost!
You barely miss 4thArraOfDagon's ghost. 4thArraOfDagon's ghost is heavily damaged.
The large slime creature misses you.
The slime creature hits you. 4thArraOfDagon's ghost hits you!!
* * * LOW HITPOINT WARNING * * *
Your water elemental barely misses 4thArraOfDagon's ghost.
You hit 4thArraOfDagon's ghost.
You freeze 4thArraOfDagon's ghost. 4thArraOfDagon's ghost is heavily damaged.
You hear a distant slurping noise.
The large slime creature hits you!!
You die...

#########
#........
+≈≈≈≈....
#≈≈≈≈....
#JWE.....
#YJ≈.....
####≈....
... #


You could see a large slime creature, a slime creature, 4thArraOfDagon's ghost
and a friendly water elemental.

Vanquished Creatures
  A hydra (D:12)
  5 two-headed ogres
  3 death yaks (D:9)
  Urug (D:11)
  Sonja (D:11)
  An unseen horror (D:10)
  6 ugly things
  Joseph (D:9)
  4 trolls
  A hornet (D:10)
  5 slime creatures
  2 water elementals (D:11)
  2 wyverns
  32 yaks
  3 large abominations (D:10)
  7 orc warriors
  A sky beast (D:11)
  A black bear (D:9)
  2 ice beasts
  3 phantoms
  8 ogres
  A wolf (D:11)
  2 centaurs
  6 big kobolds
  Blork the orc (D:6)
  5 bullfrogs
  4 gnoll sergeants (D:12)
  3 water moccasin zombies (Ossuary)
  4 scorpions
  4 killer bees (D:7)
  4 wights (D:11)
  4 howler monkeys
  5 crimson imps
  A centaur zombie (D:5)
  A bullfrog zombie (D:9)
  2 quasits
  A wyvern simulacrum (D:11)
  3 hounds
  A jelly (D:12)
  A gnoll shaman (D:6)
  2 orc priests
  8 orc wizards
  3 centaur skeletons
  3 iguanas
  15 worker ants
  2 hell rats (D:9)
  A killer bee zombie (D:5)
  2 big kobold zombies (Ossuary)
  A hound zombie (D:5)
  2 hound skeletons
  2 mummies (Ossuary)
  A howler monkey zombie (D:5)
  A worker ant zombie (D:6)
  2 river rats (D:9)
  22 adders
  17 gnolls
  A shadow imp (D:12)
  3 white imps (D:11)
  2 oozes
  11 adder zombies
  3 adder skeletons
  2 worms
  3 dart slugs
  6 leopard geckos
  28 orcs
  8 bats
  8 giant cockroaches
  6 goblins
  3 hobgoblins
  17 jackals
  6 quokkas
  4 ball pythons
  4 frilled lizards
  A goblin skeleton (D:7)
  2 goblin zombies (D:7)
  7 hobgoblin zombies
  17 kobolds
  A kobold skeleton (D:7)
  5 kobold zombies (Ossuary)
  A leopard gecko skeleton (D:4)
  An orc skeleton (D:7)
  9 orc zombies
  9 rats
395 creatures vanquished.

Vanquished Creatures (collateral kills)
  2 slime creatures
2 creatures vanquished.

Vanquished Creatures (others)
  A slime creature (D:12)
1 creature vanquished.

Grand Total: 398 creatures vanquished

Notes
Turn   | Place    | Note
-------+----------+-------------------------------------------
     0 | D:1      | emperorscorpion the Gnoll Transmuter began the quest for the Orb.
     0 | D:1      | Reached XP level 1. HP: 17/17 MP: 6/6
   192 | D:1      | Reached XP level 2. HP: 21/23 MP: 7/7
   616 | D:1      | Reached XP level 3. HP: 28/28 MP: 9/9
   972 | D:2      | Found a shadowy altar of Dithmenos.
  1027 | D:2      | Reached skill level 5 in Spellcasting
  1078 | D:2      | Reached skill level 1 in Invocations
  1251 | D:2      | Reached skill level 1 in Short Blades
  1251 | D:2      | Reached skill level 1 in Long Blades
  1251 | D:2      | Reached skill level 1 in Axes
  1251 | D:2      | Reached skill level 1 in Maces & Flails
  1251 | D:2      | Reached skill level 1 in Polearms
  1251 | D:2      | Reached skill level 1 in Staves
  1251 | D:2      | Reached skill level 1 in Slings
  1251 | D:2      | Reached skill level 1 in Bows
  1251 | D:2      | Reached skill level 1 in Crossbows
  1251 | D:2      | Reached skill level 1 in Throwing
  1251 | D:2      | Reached skill level 1 in Armour
  1251 | D:2      | Reached skill level 1 in Stealth
  1251 | D:2      | Reached skill level 1 in Shields
  1251 | D:2      | Reached skill level 1 in Evocations
  1277 | D:2      | Reached XP level 4. HP: 32/34 MP: 11/11
  1282 | D:2      | Learned a level 3 spell: Spider Form
  2083 | D:3      | Reached skill level 1 in Conjurations
  2083 | D:3      | Reached skill level 1 in Hexes
  2083 | D:3      | Reached skill level 1 in Charms
  2083 | D:3      | Reached skill level 1 in Summonings
  2083 | D:3      | Reached skill level 1 in Necromancy
  2083 | D:3      | Reached skill level 1 in Translocations
  2083 | D:3      | Reached skill level 1 in Fire Magic
  2083 | D:3      | Reached skill level 1 in Ice Magic
  2083 | D:3      | Reached skill level 1 in Air Magic
  2083 | D:3      | Reached skill level 1 in Earth Magic
  2083 | D:3      | Reached skill level 1 in Poison Magic
  2194 | D:3      | Reached XP level 5. HP: 40/40 MP: 12/12
  2647 | D:4      | Reached XP level 6. HP: 43/47 MP: 9/13
  2713 | D:4      | Found a shattered altar of Ashenzari.
  2732 | D:4      | Noticed a phantom
  2765 | D:4      | Killed a phantom
  2765 | D:4      | Reached skill level 5 in Dodging
  3022 | D:4      | Reached XP level 7. HP: 19/52 MP: 11/15
  3321 | D:5      | Entered Level 5 of the Dungeon
  3426 | D:5      | Reached skill level 7 in Unarmed Combat
  3758 | D:5      | Reached XP level 8. HP: 23/60 MP: 13/16
  4124 | D:5      | Found an opulent altar of Gozag.
  4129 | D:5      | Found a bloodstained altar of Trog.
  4133 | D:5      | Found a white marble altar of Elyvilon.
  4151 | D:5      | Found a staircase to the Ecumenical Temple.
  4161 | Temple   | Entered the Ecumenical Temple
  4289 | Temple   | Became a worshipper of Cheibriados the Contemplative
  4412 | D:5      | Learned a level 4 spell: Ice Form
  4760 | D:6      | Reached * piety under Cheibriados
  4956 | D:6      | Noticed Blork the orc
  4965 | D:6      | Killed Blork the orc
  4989 | D:6      | Reached XP level 9. HP: 56/66 MP: 18/18
  5213 | D:6      | Reached skill level 5 in Transmutations
  5305 | D:7      | Reached ** piety under Cheibriados
  5413 | D:7      | Found a glowing golden altar of the Shining One.
  5509 | D:7      | Found a deep blue altar of Sif Muna.
  5767 | D:7      | Reached *** piety under Cheibriados
  6147 | D:8      | Reached skill level 5 in Fighting
  6251 | D:8      | Found a sand-covered staircase.
  6259 | Ossuary  | Entered an ossuary
  6298 | Ossuary  | Reached skill level 8 in Unarmed Combat
  6386 | Ossuary  | Reached **** piety under Cheibriados
  6440 | Ossuary  | Reached skill level 5 in Invocations
  6563 | D:8      | Noticed a two-headed ogre
  6570 | D:8      | Killed a two-headed ogre
  6570 | D:8      | Reached XP level 10. HP: 20/74 MP: 17/20
  6958 | D:8      | Noticed a two-headed ogre
  6972 | D:8      | Killed a two-headed ogre
  6972 | D:8      | Reached skill level 5 in Short Blades
  6972 | D:8      | Reached skill level 5 in Long Blades
  6972 | D:8      | Reached skill level 5 in Axes
  6972 | D:8      | Reached skill level 5 in Maces & Flails
  6972 | D:8      | Reached skill level 5 in Polearms
  6972 | D:8      | Reached skill level 5 in Staves
  6972 | D:8      | Reached skill level 5 in Slings
  6972 | D:8      | Reached skill level 5 in Bows
  6972 | D:8      | Reached skill level 5 in Crossbows
  6972 | D:8      | Reached skill level 5 in Throwing
  6972 | D:8      | Reached skill level 5 in Armour
  6972 | D:8      | Reached skill level 5 in Stealth
  6972 | D:8      | Reached skill level 5 in Shields
  6972 | D:8      | Reached skill level 5 in Evocations
  7569 | D:9      | Reached ***** piety under Cheibriados
  7626 | D:9      | Found a white marble altar of Elyvilon.
  7639 | D:9      | Noticed a death yak
  7640 | D:9      | Noticed a death yak
  7640 | D:9      | Noticed Joseph
  7646 | D:9      | Noticed a death yak
  7784 | D:9      | Found a shadowy altar of Dithmenos.
  7864 | D:9      | Found a staircase to the Lair.
  7883 | D:9      | Killed a death yak
  7883 | D:9      | Reached XP level 11. HP: 47/81 MP: 19/22
  7888 | D:9      | Gained mutation: You are surrounded by a mild repulsion field. (EV +2) [potion of mutation]
  7888 | D:9      | Gained mutation: You possess an exceptional clarity of mind. [potion of mutation]
  7888 | D:9      | Gained mutation: You are dopey. (Int -2) [potion of mutation]
  7888 | D:9      | Gained mutation: Your flesh is heat resistant. (rF+) [potion of mutation]
  7894 | D:9      | HP: 9/181 [death yak (12)]
  7895 | D:9      | Killed a death yak
  7897 | D:9      | Killed a death yak
  7897 | D:9      | Reached skill level 9 in Unarmed Combat
  7967 | D:9      | Killed Joseph
  7967 | D:9      | Reached skill level 5 in Conjurations
  7967 | D:9      | Reached skill level 5 in Hexes
  7967 | D:9      | Reached skill level 5 in Charms
  7967 | D:9      | Reached skill level 5 in Summonings
  7967 | D:9      | Reached skill level 5 in Necromancy
  7967 | D:9      | Reached skill level 5 in Translocations
  7967 | D:9      | Reached skill level 5 in Fire Magic
  7967 | D:9      | Reached skill level 5 in Ice Magic
  7967 | D:9      | Reached skill level 5 in Air Magic
  7967 | D:9      | Reached skill level 5 in Earth Magic
  7967 | D:9      | Reached skill level 5 in Poison Magic
  8438 | D:10     | Entered Level 10 of the Dungeon
  8780 | D:10     | Noticed a two-headed ogre
  8791 | D:10     | Killed a two-headed ogre
  9086 | D:10     | Found a transporter.
  9093 | D:10     | Found a corrupted altar of Lugonu.
  9117 | D:10     | Noticed a white ugly thing
  9122 | D:10     | Noticed a brown ugly thing
  9126 | D:10     | Killed a green ugly thing
  9131 | D:10     | Found a transporter.
  9134 | D:10     | Noticed a cyan ugly thing
  9135 | D:10     | Noticed a red ugly thing
  9145 | D:10     | Killed a red ugly thing
  9150 | D:10     | Killed a brown ugly thing
  9164 | D:10     | Killed a purple ugly thing
  9178 | D:10     | Killed an unseen horror
  9193 | D:10     | Learned a level 3 spell: Dazzling Spray
  9663 | D:11     | Reached XP level 12. HP: 88/91 MP: 4/24
  9668 | D:11     | Noticed Sonja
  9703 | D:11     | Noticed Urug
  9851 | D:11     | Killed Urug
 10097 | D:11     | Noticed a two-headed ogre
 10144 | D:11     | Killed Sonja
 10438 | D:11     | Killed a two-headed ogre
 10456 | D:11     | Found a snail-covered altar of Cheibriados.
 10725 | D:12     | Noticed a four-headed hydra
 10735 | D:12     | Killed a four-headed hydra
 10735 | D:12     | Reached skill level 10 in Unarmed Combat
 10764 | D:12     | Reached ****** piety under Cheibriados
 10878 | D:12     | Found a staircase to the Orcish Mines.
 10974 | D:12     | Noticed a two-headed ogre
 10981 | D:12     | Killed a two-headed ogre
 10981 | D:12     | Reached XP level 13. HP: 98/98 MP: 22/26
 11529 | D:13     | Noticed a vault guard
 11535 | D:14     | Noticed 4thArraOfDagon's ghost (journeyman FoWr)
 11545 | D:14     | Slain by a large slime creature

Vault maps used:
D:1:      lemuel_arrival_tunnels, minmay_shallow_snake_nest
D:2:      cheibrodos_helix_gallery, overflow_temple_1_default, minmay_bisected
D:3:      first_ration, minmay_misc_feat_rows, minmay_unequal
D:4:      nicolae_ashenzari_panopticon, minmay_three_crescents
D:5:      lemuel_upstairs_altar, minitemple, minmay_temple_entry_grid,
          minmay_misc_feat_secret_circle, minmay_joined_circles
D:6:      uniq_blork_the_orc
D:7:      led_sif_pool, nicolae_tso_besieged_by_evil
D:8:      nicolae_ossuary_entry_ruins, grunt_ogre_cave, roderic_serpentine_path
D:9:      dpeg_lair_monsters, basic_altar, elyvilon_altar_5, uniq_joseph
D:10:     gammafunk_corrupted_shrine
D:11:     serial_ice, serial_ice_h, serial_ice_e, serial_ice_g, serial_ice_l,
          serial_ice_f, cheibriados_altar_1, uniq_urug, uniq_sonja
D:12:     kennysheep_orc_monster_closet_entryway
D:13:     lightli_vaults_fourway_checkpoint
D:14:     serial_bayou, serial_bayou_pond_b, serial_bayou_ford_a,
          serial_bayou_lagoon_a, serial_bayou_pond_a, minmay_misc_feat_room,
          grunt_ministairs_5
Temple:   nicolae_temple_elliptical
Ossuary:  ossuary_tomb_2

Skill      XL: |  1  2  3  4  5  6  7  8  9 10 11 12 |
---------------+-------------------------------------+-----
Spellcasting   | 5 6 7 8 9 |  9.3
Invocations    | 1 2 3 4 5 6 7 8 |  8.6
Short Blades   | 1 2 3 4 5 6 7 |  7.8
Long Blades    | 1 2 3 4 5 6 7 |  7.8
Axes           | 1 2 3 4 5 6 7 |  7.8
Maces & Flails | 1 2 3 4 5 6 7 |  7.8
Polearms       | 1 2 3 4 5 6 7 |  7.8
Staves         | 1 2 3 4 5 6 7 |  7.8
Slings         | 1 2 3 4 5 6 7 |  7.8
Bows           | 1 2 3 4 5 6 7 |  7.8
Crossbows      | 1 2 3 4 5 6 7 |  7.8
Throwing       | 1 2 3 4 5 6 7 |  7.8
Armour         | 1 2 3 4 5 6 7 |  7.8
Stealth        | 1 2 3 4 5 6 7 |  7.8
Shields        | 1 2 3 4 5 6 7 |  7.8
Evocations     | 1 2 3 4 5 6 7 |  7.8
Conjurations   | 1 2 3 4 5 6 |  6.5
Hexes          | 1 2 3 4 5 6 |  6.5
Charms         | 1 2 3 4 5 6 |  6.5
Summonings     | 1 2 3 4 5 6 |  6.5
Necromancy     | 1 2 3 4 5 6 |  6.5
Translocations | 1 2 3 4 5 6 |  6.5
Fire Magic     | 1 2 3 4 5 6 |  6.5
Ice Magic      | 1 2 3 4 5 6 |  6.5
Air Magic      | 1 2 3 4 5 6 |  6.5
Earth Magic    | 1 2 3 4 5 6 |  6.5
Poison Magic   | 1 2 3 4 5 6 |  6.5
Fighting       | 3 4 5 6 7 8 |  8.3
Transmutations | 4 5 6 7 |  7.6
Dodging        | 5 6 7 8 9 |  9.1
Unarmed Combat | 7 8 9 10 | 10.2

Action                   |  1- 3 |  4- 6 |  7- 9 | 10-12 | 13-15 || total
-------------------------+-------+-------+-------+-------+-------++-------
Melee: Unarmed           |    79 |   159 |   486 |   532 |    38 ||  1294
       Headbutt          |     3 |       |       |       |       ||     3
       Bite              |     4 |     5 |    43 |    54 |       ||   106
Throw: Stone             |       |    22 |       |     1 |       ||    23
 Cast: Beastly Appendage |     4 |       |       |       |       ||     4
       Spider Form       |       |    10 |    10 |    12 |     1 ||    33
       Ice Form          |       |       |     6 |     9 |     2 ||    17
       Dazzling Spray    |       |       |       |    17 |       ||    17
Invok: Bend Time         |       |       |       |     2 |       ||     2
       Slouch            |       |       |       |     2 |       ||     2
 Abil: End Transformatio |       |       |       |     4 |       ||     4
Evoke: Wand              |       |       |       |     2 |     3 ||     5
       Phial of floods   |       |       |       |       |     1 ||     1
  Use: Scroll            |       |       |    17 |     3 |     1 ||    21
       Potion            |       |       |       |    10 |       ||    10
 Stab: Sleeping          |     3 |     5 |     8 |    10 |     1 ||    27
       Distracted        |       |       |     1 |     3 |       ||     4
       Invisible         |       |       |       |    30 |       ||    30
  Eat: Chunk             |     1 |     6 |     7 |     7 |     1 ||    22
       Ration            |       |       |     1 |     1 |       ||     2
Armor: Robe              |    10 |     8 |       |       |       ||    18
       Leather armour    |       |    11 |    33 |     1 |       ||    45
       Skin              |       |     3 |    15 |    18 |       ||    36
       Troll leather arm |       |       |       |    12 |     2 ||    14
Dodge: Dodged            |    43 |   118 |   347 |   556 |    35 ||  1099
Block: Buckler           |    11 |    16 |    42 |    71 |     2 ||   142

Table legend:
 A = Spawn XP
 B = Non-spawn XP
 C = Spawn XP percentage of total XP
 D = Spawn monster count
 E = Non-spawn monster count
 F = Spawn count percentage of total count
 G = Total turns spent on level
                    A         B        C        D         E        F      G
               +---------+---------+-------+---------+---------+-------+---------
         Total |       0 |   34718 |   0.0 |       0 |     397 |   0.0 | 11545
               +---------+---------+-------+---------+---------+-------+---------
           D:1 |       0 |      34 |   0.0 |       0 |      19 |   0.0 |   972
           D:2 |       0 |      59 |   0.0 |       0 |      20 |   0.0 |   703
           D:3 |       0 |     131 |   0.0 |       0 |      28 |   0.0 |   761
           D:4 |       0 |     408 |   0.0 |       0 |      22 |   0.0 |  1063
           D:5 |       0 |     951 |   0.0 |       0 |      30 |   0.0 |   953
           D:6 |       0 |     929 |   0.0 |       0 |      32 |   0.0 |   679
           D:7 |       0 |     786 |   0.0 |       0 |      32 |   0.0 |   823
           D:8 |       0 |    2509 |   0.0 |       0 |      17 |   0.0 |  1078
           D:9 |       0 |    5395 |   0.0 |       0 |      26 |   0.0 |  1042
          D:10 |       0 |    8166 |   0.0 |       0 |      43 |   0.0 |  1328
          D:11 |       0 |    8810 |   0.0 |       0 |      56 |   0.0 |   928
          D:12 |       0 |    5207 |   0.0 |       0 |      35 |   0.0 |   797
          D:13 |       0 |     575 |   0.0 |       0 |       1 |   0.0 |    44
          D:14 |       0 |     363 |   0.0 |       0 |       2 |   0.0 |    10
       Ossuary |       0 |     395 |   0.0 |       0 |      34 |   0.0 |   217
               +---------+---------+-------+---------+---------+-------+---------
